 Dungeon Crawl Stone Soup version 0.30-a0-365-ge7f957f1db (webtiles) character file.

Game seed: 8616707113446304359

3371 funkygono the Thaumaturge (level 9, -2/58 HPs)
             Began as a Demonspawn Fire Elementalist on Nov 16, 2022.
             Was an Initiate of Vehumet.
             Slain by a two-headed ogre
             ... wielding a +0 giant spiked club
              (12 damage)
             ... on level 7 of the Dungeon.
             The game lasted 00:15:12 (7700 turns).

funkygono the Thaumaturge (DsFE)                    Turns: 7700, Time: 00:15:13

Health: -2/58      AC: 10    Str:  9    XL:     9   Next: 73%
Magic:  12/21      EV: 17    Int: 21    God:    Vehumet [......]
Gold:   336        SH:  0    Dex: 24    Spells: 11/25 levels left

rFire   + . .      SeeInvis .    e - +8 whip of Odwirol {flame, rF+ Will+}
rCold   x . .      Faith    +    (no shield)
rNeg    . . .      Spirit   .    r - +4 robe "Samaq" {rC- Will+ Dex+5 Archmagi}
rPois   .          Reflect  .    (no helmet)
rElec   .          Harm     .    (no cloak)
rCorr   .          Rampage  .    (no gloves)
Will    ++...      Archmagi +    (no boots)
Stlth   ++........               D - amulet of faith
HPRegen 0.29/turn                h - +6 ring of dexterity
MPRegen 0.34/turn                t - +4 ring of protection

@: no status effects
A: hooves 1, repulsion field 2, magic regeneration, demonic magic 1
a: Renounce Religion


You were on level 7 of the Dungeon.
You worshipped Vehumet.
Vehumet was noncommittal.
You visited 2 branches of the dungeon, and saw 9 of its levels.

You collected 336 gold pieces.

Inventory:

Hand Weapons
 d - a +0 dagger
 e - the +8 whip of Odwirol (weapon) {flame, rF+ Will+}
   (You acquired it on level 4 of the Dungeon)

   It burns those it strikes, dealing additional fire damage.
   rF:        It protects you from fire.
   Will:      It increases your willpower.
 i - a +0 mace
 k - a +0 whip
 y - the +9 hand axe of Sudden Death {vamp, Dex+3}
   (You found it on level 4 of the Dungeon)

   It occasionally heals its wielder for a portion of the damage dealt when it
   wounds a living foe.
   Dex:       It affects your dexterity (+3).
 z - the +2 long sword "Xubis" {freeze, rElec}
   (You found it on level 6 of the Dungeon)

   It freezes those it strikes, dealing additional cold damage.
   It can also slow down cold-blooded creatures.
   rElec:     It insulates you from electricity.
Missiles
 l - 3 throwing nets
Armour
 a - a +0 robe
 p - a +0 troll leather armour {Pargi}
 r - the +4 robe "Samaq" (worn) {rC- Will+ Dex+5 Archmagi}
   (You found it on level 7 of the Dungeon)

   Dex:       It affects your dexterity (+5).
   rC:        It makes you vulnerable to cold.
   Archmagi:  It increases the power of your magical spells.
   Will:      It increases your willpower.
Jewellery
 h - a +6 ring of dexterity (left hand)
 t - a +4 ring of protection (right hand)
 D - an amulet of faith (around neck)
Wands
 f - a wand of polymorph (9)
 m - a wand of flame (11)
 s - a wand of quicksilver (11)
Scrolls
 c - a scroll of fog
 g - a scroll of teleportation
 x - a scroll of magic mapping
Potions
 b - a potion of magic
 j - 2 potions of heal wounds
 n - a potion of might
 o - a potion of curing
 q - a potion of ambrosia
 u - a potion of haste {unknown}
 v - 2 potions of attraction {unknown}
 w - a potion of flight {unknown}
 A - a potion of brilliance {unknown}
 B - a potion of lignification {unknown}
 C - a potion of resistance {unknown}


   Skills:
 + Level 0.7 Fighting
 + Level 0.8 Maces & Flails
 + Level 2.5 Armour
 + Level 3.3 Dodging
 - Level 1.7 Stealth
 + Level 8.7 Spellcasting
 + Level 4.5 Conjurations
 + Level 0.9 Translocations
 + Level 7.7 Fire Magic


You had 11 spell levels left.
You knew the following spells:

 Your Spells              Type           Power      Damage    Failure   Level
a - Foxfire               Conj/Fire      100%       2x1d9     1%          1
b - Scorch                Fire           100%       2d10      1%          2
c - Kindle Blastsparks    Fire/Tloc/Air  64%        2d15      7%          3
d - Flame Wave            Conj/Fire      51%        2d13      6%          4
e - Magic Dart            Conj           100%       1d8       1%          1
f - Vhi's Electric Charg  Tloc/Air       32%        N/A       19%         3

Your spell library contained the following spells:

 Spells                   Type           Power      Damage    Failure   Level
 Inner Flame              Hex/Fire       38%        N/A       4%          3
 Beastly Appendage        Tmut           26%        N/A       8%          1
 Call Imp                 Summ           13%        N/A       11%         2
 Wereblood                Tmut           13%        N/A       11%         2
 Mephitic Cloud           Conj/Pois/Air  23%        N/A       12%         3
 Spider Form              Tmut/Pois      13%        N/A       22%         3
 Cause Fear               Hex            6%         N/A       58%         4
 Arcjolt                  Conj/Air       14%        1d24      63%         5
 Discord                  Hex            6%         N/A       100%        8
 Maxwell's Capacitive Co  Air            7%         ∞         100%        8


Dungeon Overview and Level Annotations

Branches:
Dungeon (8/15)             Temple (1/1) D:7
   Lair: D:8-11

Altars:
Ashenzari
Cheibriados
Fedhas
Gozag
Hepliaklqana
Kikubaaqudgha
Makhleb
Nemelex Xobeh
Okawaru
Qazlal
Ru
Sif Muna
Trog
Uskayaw
Vehumet
Wu Jian
Xom
Yredelemnul

Annotations:
D:3 2 transporters, baljet's ghost, amateur MiFi
D:5 1 runed translucent door, decrepitude's ghost, amateur OpTm
D:6 3 runed translucent doors, Ge0ff's ghost, weakling SpDe


Innate Abilities, Weirdness & Mutations

You have large cloven feet.
You are surrounded by a moderate repulsion field. (EV +3)
You regenerate magic rapidly.
Spells you cast may paralyse adjacent enemies.


Message History

You kill the electric eel!
Vehumet accepts your kill.
You hear a splash.
Malevolent energies surge around you.
A water moccasin comes into view.
A water moccasin is nearby!
Casting: Scorch (safe; 1% risk of failure)
Confirm with . or Enter, or press ? or * to list all spells.
You feel a surge of power!
You conjure some foxfire!
Malevolent energies surge around you.
The foxfire hits the water moccasin.
The water moccasin is lightly wounded.
A two-headed ogre comes into view.
It is wielding a +0 giant spiked club and a +0 giant club.
The foxfire hits the water moccasin but does no damage.
The water moccasin is lightly wounded.
The foxfire hits the water moccasin.
The water moccasin is moderately wounded.
There is a stone staircase leading up here.
A nearby plant withers and dies.
The water moccasin bites you but does no damage. x2
The two-headed ogre barely misses you. x2
You climb upwards.
There is a stone staircase leading down here.
Casting: Foxfire (safe; 1% risk of failure)
Confirm with . or Enter, or press ? or * to list all spells.
You feel a surge of power!
You conjure some foxfire!
Malevolent energies surge around you.
The water moccasin suddenly stops moving!
Casting: Foxfire (safe; 1% risk of failure)
Confirm with . or Enter, or press ? or * to list all spells.
You feel a surge of power!
Flames lash the water moccasin.
The water moccasin is moderately wounded.
The water moccasin's fire resistance burns away.
Malevolent energies surge around you.
The foxfire hits the water moccasin.
The water moccasin is heavily wounded.
The foxfire hits the water moccasin!
The water moccasin is burned terribly!
The water moccasin is severely wounded.
The two-headed ogre hits you with a +0 giant spiked club!!
* * * LOW HITPOINT WARNING * * *
The two-headed ogre hits you with a +0 giant club!
You die...

....#[~.......~#..#......#≈≈≈~~≈~
........#......#....#....#≈≈≈≈#..
........#......#....#....#≈≈≈####
........'......#....#....#≈≈## #
........#......#....#....#≈## ###
........#......#....#....#≈≈ #..
........+......#....#....### #..
........#...(..'....#.....## ##..
#####...#......#@S..#......###...
).#######..[...#O...######.......
........#......#.........########
..(.....#......#................#
........#......#.................
..##....#......#..[..............
..#####'#.[....#.........########
..##....#.[....#....##...##.....#
..##...##[##...###'###...##.....#


You could see a two-headed ogre and a water moccasin (paralysed, combustible).

Vanquished Creatures
  Grinder (D:4)
  Sigmund (D:3)
  4 water moccasins
  2 orc warriors
  Pargi (D:4)
  4 ice beasts
  A black bear (D:6)
  An ogre (D:5)
  2 phantoms
  2 bullfrogs (D:7)
  A scorpion (D:6)
  2 necrophages
  4 wights (D:7)
  3 killer bees (D:6)
  A vampire bat (D:3)
  3 electric eels (D:8)
  4 hounds
  2 jellies
  A gnoll bouda (D:7)
  3 orc priests
  4 iguanas
  2 orc wizards (D:7)
  Natasha (thrice) (D:3)
  9 gnolls
  8 adders
  An ufetubus (D:5)
  2 worms (D:3)
  2 dart slugs
  3 fire bats (D:3)
  9 orcs
  2 spectral bats (D:3)
  3 ball pythons
  3 bat skeletons (D:3)
  A bat zombie (D:3)
  2 endoplasms
  2 giant cockroaches
  12 goblins
  3 hobgoblins
  5 jackals
  4 kobolds
  5 quokkas
  13 bats
  A bat simulacrum (D:3)
  2 frilled lizards (D:1)
  2 rats
146 creatures vanquished.

Vanquished Creatures (collateral kills)
  A foxfire (D:8)
1 creature vanquished.

Vanquished Creatures (others)
  492 foxfires
  2 plants (D:8)
494 creatures vanquished.

Grand Total: 641 creatures vanquished

Notes
Turn   | Place    | Note
-------+----------+-------------------------------------------
     0 | D:1      | funkygono the Demonspawn Fire Elementalist began the quest
                  | for the Orb.
     0 | D:1      | Reached XP level 1. HP: 13/13 MP: 3/3
   124 | D:1      | Found a faded altar of an unknown god.
   210 | D:1      | Gained mutation: You have large cloven feet. [demonic
                  | ancestry]
   210 | D:1      | Reached XP level 2. HP: 19/19 MP: 0/5
   306 | D:1      | Learned a level 2 spell: Scorch
   842 | D:1      | Gained mutation: Spells you cast may paralyse adjacent
                  | enemies. [demonic ancestry]
   842 | D:1      | Reached XP level 3. HP: 24/24 MP: 4/6
  1605 | D:2      | Gained mutation: You are surrounded by a mild repulsion
                  | field. (EV +2) [demonic ancestry]
  1605 | D:2      | Reached XP level 4. HP: 30/30 MP: 4/8
  1847 | D:3      | Reached skill level 3 in Spellcasting
  1930 | D:3      | Learned a level 3 spell: Kindle Blastsparks
  1948 | D:3      | Reached XP level 5. HP: 35/35 MP: 7/9
  1953 | D:3      | Learned a level 4 spell: Flame Wave
  2287 | D:3      | Noticed baljet's ghost (amateur MiFi)
  2333 | D:3      | Noticed Sigmund
  2349 | D:3      | Killed Sigmund
  2350 | D:3      | Gained mutation: You regenerate magic rapidly. [demonic
                  | ancestry]
  2350 | D:3      | Reached XP level 6. HP: 31/42 MP: 0/11
  2633 | D:3      | Noticed Natasha
  2638 | D:3      | Killed Natasha
  2686 | D:3      | Found a transporter.
  2715 | D:3      | Found a transporter.
  2836 | D:3      | Reached skill level 4 in Spellcasting
  3096 | D:3      | Noticed Natasha
  3101 | D:3      | Killed Natasha
  3266 | D:3      | Noticed Natasha
  3433 | D:3      | Killed Natasha
  3484 | D:4      | Noticed a water moccasin
  3484 | D:4      | Noticed Pargi
  3492 | D:3      | Killed a water moccasin
  3493 | D:3      | Gained mutation: You are surrounded by a moderate repulsion
                  | field. (EV +3) [demonic ancestry]
  3493 | D:3      | Reached XP level 7. HP: 45/47 MP: 9/13
  3516 | D:4      | Killed Pargi
  3586 | D:4      | Reached skill level 5 in Spellcasting
  3586 | D:4      | Reached skill level 5 in Fire Magic
  3586 | D:4      | Noticed Grinder
  3607 | D:4      | Killed Grinder
  3968 | D:4      | Identified the +9 hand axe of Sudden Death {vamp, Dex+3}
  4106 | D:4      | Identified a scroll of acquirement
  4106 | D:4      | Acquired the +8 whip of Odwirol {flame, rF+ Will+}
  4224 | D:5      | Entered Level 5 of the Dungeon
  4507 | D:5      | Found a broken altar of Ashenzari.
  4534 | D:5      | Reached XP level 8. HP: 37/53 MP: 10/16
  4654 | D:5      | Reached skill level 1 in Armour
  4710 | D:5      | Found a runed translucent door.
  4713 | D:5      | Noticed decrepitude's ghost (amateur OpTm)
  4768 | D:5      | Reached skill level 6 in Spellcasting
  4832 | D:5      | Found an ancient bone altar of Kikubaaqudgha.
  5680 | D:6      | Identified the +2 long sword "Xubis" {freeze, rElec}
  5715 | D:6      | Noticed Ge0ff's ghost (weakling SpDe)
  5770 | D:6      | Found a runed translucent gate.
  5770 | D:6      | Found a runed translucent gate.
  5770 | D:6      | Found a runed translucent gate.
  5786 | D:6      | Reached skill level 7 in Spellcasting
  5867 | D:6      | Reached XP level 9. HP: 45/58 MP: 13/20
  6361 | D:6      | Learned a level 1 spell: Magic Dart
  6365 | D:6      | Learned a level 3 spell: Vhi's Electric Charge
  6448 | D:7      | Identified the +4 robe "Samaq" {rC- Will+ Dex+5 Archmagi}
  6686 | D:7      | Reached skill level 8 in Spellcasting
  7097 | D:7      | Found a staircase to the Ecumenical Temple.
  7103 | Temple   | Entered the Ecumenical Temple
  7111 | Temple   | Became a worshipper of Vehumet
  7695 | D:8      | Noticed a two-headed ogre
  7700 | D:7      | Slain by a two-headed ogre

Illustrated notes

Levels and vault maps discovered:
D:1:      dpeg_arrival_orchard, layout_basic, ebering_ecumenical_altar_box
D:2:      layout_loops_ring
D:3:      layout_loops_cross, gammafunk_ghost_arena, goddamned_bats,
          uniq_natasha, uniq_sigmund
D:4:      layout_cave_pools, chequers_serial_rivers_micro_c,
          corexii_hall_statues_i, uniq_grinder, uniq_pargi
D:5:      layout_loops_corners, mainiacjoe_overflow_surrounded_room,
          mainiacjoe_overflow_alcove_4, gammafunk_ghost_grave,
          kennysheep_minor_cross
D:6:      layout_loops_ring, gammafunk_ghost_icy
D:7:      layout_gridville, minmay_temple_entry_wispy, serial_rivers,
          chequers_serial_rivers_small_a, chequers_serial_rivers_large_a,
          chequers_serial_rivers_small_3, chequers_serial_rivers_micro_d,
          dk_noncrumbling_3
D:8:      layout_loops_ring, due_lair_maze_entry_diamond, serial_bayou_lagoon_b
Temple:   dpeg_three_leaves_temple

Skill      XL: |  1  2  3  4  5  6  7  8  9 |
---------------+----------------------------+-----
Fire Magic     | 3 4 5 6 7 |  7.7
Spellcasting   | 3 4 5 7 8 |  8.7
Dodging        | 2 3 |  3.3
Conjurations   | 2 3 4 |  4.5
Armour         | 2 |  2.5
Fighting       | |  0.7
Maces & Flails | |  0.8
Stealth        | |  1.7
Translocations | |  0.9

Action                   |  1- 3 |  4- 6 |  7- 9 || total
-------------------------+-------+-------+-------++-------
Melee: Mace              |       |    14 |     1 ||    15
       Kick              |       |     2 |     1 ||     3
       Whip              |       |       |     2 ||     2
 Cast: Foxfire           |    49 |    65 |   176 ||   290
       Scorch            |     6 |    13 |    66 ||    85
       Kindle Blastspark |       |       |     1 ||     1
       Vhi's Electric Ch |       |       |     1 ||     1
  Use: Scroll            |       |       |    15 ||    15
 Stab: Paralysed         |       |     5 |       ||     5
Armor: Robe              |     4 |    30 |     4 ||    38
       Troll leather arm |       |       |     1 ||     1
Dodge: Dodged            |    11 |   107 |    45 ||   163

Table legend: (Time is in decaauts)
 A = Elapsed time spent in this place.
 B = Non-inter-level travel time spent in this place.
 C = Inter-level travel time spent in this place.
 D = Time resting spent in this place.
 E = Time spent auto-exploring this place.
 F = Levels seen in this place.
 G = Mean time per level.
                   A        B        C        D        E       F      G
               +--------+--------+--------+--------+--------+-----+--------+
         Total |   7725 |   7553 |    172 |    173 |   5895 |   9 |  858.3 |
       Dungeon |   7652 |   7496 |    156 |    173 |   5849 |   8 |  956.5 |
        Temple |     72 |     57 |     15 |      0 |     46 |   1 |   72.0 |
               +--------+--------+--------+--------+--------+-----+--------+

Top non-repeatable levels by time:
     D:3: 1767 daAuts
     D:5: 1280 daAuts
     D:7: 1240 daAuts
     D:1: 1006 daAuts
     D:6: 890 daAuts
     D:2: 731 daAuts
     D:4: 723 daAuts
  Temple: 72 daAuts
     D:8: 13 daAuts
